 Dungeon Crawl Stone Soup version 0.21.1-1-g345015f (webtiles) character file.

295 diana the Ruffian (level 6, -2/61 HPs)
             Began as a Troll Monk on May 25, 2018.
             Slain by an orc wizard
             ... wielding a +0 dagger
              (3 damage)
             ... on level 4 of the Dungeon.
             The game lasted 00:07:24 (2105 turns).

diana the Ruffian (Troll Monk)                      Turns: 2105, Time: 00:07:27

Health: -2/61      AC:  5    Str: 20    XL:     6   Next: 11%
Magic:  5/5        EV: 11    Int:  6    God:
Gold:   83         SH:  0    Dex: 14    Spells: 5/5 levels left

rFire    + . .     SeeInvis .     - Unarmed
rCold    + . .     Gourm    +   (no shield)
rNeg     . . .     Faith    .   a - +0 robe
rPois    .         Spirit   .   (helmet restricted)
rElec    .         Reflect  .   (no cloak)
rCorr    .         Harm     .   (gloves unavailable)
MR       .....                  (boots unavailable)
Stlth    ++........             (no amulet)
HPRegen  1.00/turn              g - ring of protection from cold
MPRegen  0.09/turn              (no ring)

@: no status effects
A: large, unfitting armour, claws 3, talons 1, fire resistance 1, fast
metabolism 3, gourmand, regeneration 2, shaggy fur 1, tough skin 2
a: no special abilities


You were on level 4 of the Dungeon.
You were not hungry.

You visited 1 branch of the dungeon, and saw 4 of its levels.

You collected 83 gold pieces.

Inventory:

Armour
 a - a +0 robe (worn)
Jewellery
 g - a ring of protection from cold (left claw)
 o - an uncursed ring of resist corrosion {unknown}
Scrolls
 c - 2 scrolls of identify {unknown}
 h - 2 scrolls of amnesia {unknown}
 i - 3 scrolls of teleportation {unknown}
Potions
 f - a potion of ambrosia {unknown}
 k - a potion of agility {unknown}
 m - a potion of might {unknown}
 n - 2 potions of curing {unknown}
 p - a potion of haste {unknown}
 q - a potion of resistance {unknown}
Books
 j - a book of Changes

   Spells                             Type                      Level
   a - Beastly Appendage              Transmutation                1
   b - Sticks to Snakes               Transmutation                2
   c - Spider Form                    Transmutation/Poison         3
   d - Ice Form                       Ice/Transmutation            4
   e - Blade Hands                    Transmutation                5
 l - a book of Misfortune

   Spells                             Type                      Level
   a - Confusing Touch                Hexes                        1
   b - Confuse                        Hexes                        3
   c - Gell's Gravitas                Translocation                3
   d - Petrify                        Transmutation/Earth          4
   e - Metabolic Englaciation         Hexes/Ice                    5
   f - Yara's Violent Unravelling     Hexes/Transmutation          5
Comestibles
 b - 12 rations


   Skills:
 + Level 3.5 Fighting
 + Level 3.6 Dodging
 - Level 1.0 Stealth
 * Level 5.2 Unarmed Combat


You had 5 spell levels left.
You didn't know any spells.

Dungeon Overview and Level Annotations

Branches:
Dungeon (4/15)
 Temple: D:4-7

Altars:


Innate Abilities, Weirdness & Mutations

You are too large for most types of armour.
You have claws for hands.
Your metabolism is lightning-fast.
You like to eat raw meat.
You heal very quickly.
You are covered in fur. (AC +1)
You have very tough skin. (AC +2)
You have sharp toenails.
Your flesh is heat resistant. (rF+)


Message History

You barely miss something. Something hits you but does no damage.
The orc hits you but does no damage. Something hits you.
* * * LOW HITPOINT WARNING * * *
You completely miss something. Something hits you.
* * * LOW HITPOINT WARNING * * *
The orc hits you but does no damage.
You scratch something but do no damage.
You hear some strange, mumbled words.
A puff of flame appears from out of thin air!
The puff of flame hits you!
* * * LOW HITPOINT WARNING * * *
The orc hits you from afar with an enchanted trident.
* * * LOW HITPOINT WARNING * * *
It was a potion of mutation.
You feel extremely strange.
You feel resistant to heat.
Your toenails lengthen and sharpen.
You begin to heal more quickly.
Something hits you.
* * * LOW HITPOINT WARNING * * *
Something hits you.
You die...

#.....# #####...o.
#.....# #.....h...
#.....# #.........
#.....# #........#
########.....# #........#
#..........### #........#
#.############ #........#
#............###o.......#
#..######.....@)ho...####
#..# #.##.######..# #..#
#.##.#....#..# #..#
#.##.#.##.#..# #..#
#.##.#<.#.# .# #..#
#.##.#..#.# .# #..#
#.##.#..#.# #..#
#.##.#†.#.# ..#.......#


You could see 2 orcs and a jackal.

Vanquished Creatures
  An ogre (D:4)
  2 orc wizards (D:3)
  A hound skeleton (D:4)
  Robin (D:3)
  4 adders
  4 oozes
  A worm (D:3)
  A dart slug (D:2)
  7 orcs (D:3)
  4 giant cockroaches
  9 goblins
  8 hobgoblins
  10 jackals
  2 quokkas (D:2)
  A bat (D:3)
  3 frilled lizards
  4 kobolds
  5 rats
68 creatures vanquished.

Notes
Turn   | Place    | Note
-------+----------+-------------------------------------------
     0 | D:1      | diana the Troll Monk began the quest for the Orb.
     0 | D:1      | Reached XP level 1. HP: 22/22 MP: 0/0
    48 | D:1      | Reached XP level 2. HP: 28/29 MP: 1/1
   621 | D:2      | Reached XP level 3. HP: 36/36 MP: 2/2
  1157 | D:3      | Reached XP level 4. HP: 41/44 MP: 3/3
  1290 | D:3      | Reached skill level 4 in Unarmed Combat
  1299 | D:3      | HP: 1/44 [orc/enchanted mace (5)]
  1476 | D:3      | Noticed Robin
  1494 | D:3      | Killed Robin
  1523 | D:3      | Reached XP level 5. HP: 40/53 MP: 4/4
  2011 | D:4      | Noticed a phantom
  2074 | D:4      | Noticed an ogre
  2091 | D:4      | Killed an ogre
  2091 | D:4      | Reached skill level 5 in Unarmed Combat
  2091 | D:4      | Reached XP level 6. HP: 16/61 MP: 5/5
  2104 | D:4      | HP: 1/61 [orc/enchanted trident (6)]
  2105 | D:4      | Gained mutation: Your flesh is heat resistant. (rF+) [potion of mutation]
  2105 | D:4      | Gained mutation: You have sharp toenails. [potion of mutation]
  2105 | D:4      | Gained mutation: You heal very quickly. [potion of mutation]
  2105 | D:4      | Slain by an orc wizard

Skill      XL: |  1  2  3  4  5 |
---------------+----------------+-----
Dodging        | 3 |  3.6
Unarmed Combat | 4 5 |  5.2
Fighting       | 3 |  3.5
Stealth        | |  1.0

Action                   |  1- 3 |  4- 6 || total
-------------------------+-------+-------++-------
Melee: Unarmed           |    84 |   109 ||   193
       Punch             |     1 |     2 ||     3
  Use: Potion            |       |     4 ||     4
 Stab: Sleeping          |     3 |     2 ||     5
  Eat: Chunk             |    13 |     7 ||    20
Armor: Robe              |    20 |    25 ||    45
Dodge: Dodged            |    41 |    53 ||    94
